AoeStats
← Sekekama

Glade

510663081Analyzed
1v1 RM · 1d ago on Oct 2, 2026· 42m 40s· 2 players
Game mode
Random Map
Map size
Tiny (2 player)
Population
200
Speed
Normal
Resources
Standard
Victory
Conquest
Starting age
Dark Age
Ending age
Imperial Age
RankedLock teamsTeams togetherTeam positionsShared explorationLock speedFull tech treeHidden civsTurbo modeCheats
Victory
Defeat
🇵🇱 Slavs · Poland
1449
+14
🇨🇴 Hindustanis · Colombia
1415
-14
Sekekama
5:57 Loom
9:12 Feudal Age
11:42 Double-Bit Axe
12:57 Horse Collar
18:32 Castle Age
17:17 Scale Mail Armor
17:22 Gold Mining
18:45 Forging
18:21 Arson
19:55 Bow Saw
20:28 Iron Casting
20:16 Squires
30:42 Sanctity
31:18 Wheelbarrow
34:10 Imperial Age
32:56 Gold Shaft Mining
32:29 Scale Barding Armor
32:30 Heavy Plow
32:46 Bloodlines
32:36 Husbandry
32:57 Husbandry
34:00 Chain Barding Armor
34:05 Hand Cart
33:36 Town Watch
35:59 Plate Barding Armor
35:07 Heavy Camel Rider
36:20 Conscription
37:15 Light Cavalry
38:57 Padded Archer Armor
40:18 Chemistry
38:47 Hussar
42:00 Masonry
eutanazol
10:23 Feudal Age
9:54 Loom
11:36 Loom
14:07 Castle Age
12:25 Double-Bit Axe
12:34 Horse Collar
15:07 Bow Saw
15:57 Heavy Plow
21:09 Wheelbarrow
20:37 Man-at-Arms
21:18 Loom
21:46 Scale Mail Armor
22:14 Gold Mining
22:24 Long Swordsman
23:56 Town Watch
24:55 Chain Mail Armor
25:02 Squires
27:15 Forging
34:08 Imperial Age
32:16 Hand Cart
33:20 Iron Casting
34:11 Two-Handed Swordsman
35:22 Plate Mail Armor
34:14 Capped Ram
35:08 Champion
36:00 Pikeman
38:27 Blast Furnace
37:17 Fletching
38:45 Conscription
38:35 Husbandry
38:31 Halberdier
39:03 Light Cavalry
39:54 Bloodlines
41:09 Bloodlines
41:50 Heavy Scorpion
43:04 Scale Barding Armor
Connection lost

Rejoining the realm…

Still unreachable

The connection could not be restored.

Session expired

The server has moved on; the page needs a fresh start.